 Dungeon Crawl Stone Soup version 0.23-a0-167-gf92cf62f8f (webtiles) character file.

1191 PikkenKukken the Carver (level 8, -6/67 HPs)
             Began as a Minotaur Fighter on Sept 11, 2018.
             Killed from afar by Dowan (18 damage)
             ... with a shard of ice
             ... on level 6 of the Dungeon.
             The game lasted 00:06:40 (4506 turns).

PikkenKukken the Carver (Minotaur Fighter)          Turns: 4506, Time: 00:06:41

Health: -6/67      AC: 13    Str: 29    XL:     8   Next: 20%
Magic:  7/7        EV:  7    Int:  5    God:
Gold:   301        SH: 12    Dex: 13    Spells: 7/7 levels left

rFire    + . .     SeeInvis .   t - +1 falchion (elec)
rCold    x . .     Gourm    .   c - +1 shield
rNeg     . . .     Faith    .   m - +0 plate armour
rPois    .         Spirit   .   (helmet restricted)
rElec    .         Reflect  .   p - -2 cloak (curse)
rCorr    .         Harm     .   l - +1 pair of gloves
MR       .....                  (no boots)
Stlth    ..........             (no amulet)
HPRegen  0.21/turn              i - ring of fire
MPRegen  0.10/turn              k - +4 ring of dexterity

@: mighty, glowing
A: retaliatory headbutt, horns 2
a: no special abilities


You were on level 6 of the Dungeon.
You were not hungry.

You visited 1 branch of the dungeon, and saw 6 of its levels.

You collected 301 gold pieces.

Inventory:

Hand Weapons
 a - a +1 long sword
 t - a +1 falchion of electrocution (weapon)
Armour
 c - a +1 shield (worn)
 l - a +1 pair of gloves (worn)
 m - a +0 plate armour (worn)
 p - a cursed -2 cloak (worn)
Jewellery
 i - a ring of fire (left hand)
 k - a +4 ring of dexterity (right hand)
 u - an uncursed ring of fire
Scrolls
 b - 5 scrolls of identify
 n - a scroll of enchant weapon
 o - 4 scrolls of teleportation
 v - a scroll of magic mapping {unknown}
 w - a scroll of amnesia {unknown}
Potions
 d - 2 potions of might
 e - 2 potions of invisibility
 g - 2 potions of curing
 h - a potion of agility
 j - a potion of resistance
 q - 2 potions of heal wounds
 r - a potion of mutation {unknown}
 s - a potion of haste {unknown}
Comestibles
 f - 11 rations


   Skills:
 + Level 4.6 Fighting
 * Level 8.3 Long Blades
 + Level 5.4 Armour
 * Level 3.9 Dodging
 + Level 0.2 Stealth
 + Level 6.3 Shields


You had 7 spell levels left.
You didn't know any spells.
Your spell library was empty.

Dungeon Overview and Level Annotations

Branches:
Dungeon (6/15)
 Temple: D:4-7

Altars:
Ashenzari
Dithmenos
Fedhas
Okawaru
Ru
Trog
Wu Jian

Annotations:
D:3 2 transporters, brittlin's ghost, amateur HOFi
D:6 Dowan


Innate Abilities, Weirdness & Mutations

You reflexively headbutt those who attack you in melee.
You have a pair of horns on your head.


Message History

The shard of ice hits you!
You feel a painful chill! Menkaure hits you!
* * * LOW HITPOINT WARNING * * *
Found a stone staircase leading down.
You barely miss Menkaure. You headbutt Menkaure.
Menkaure is moderately damaged.
Menkaure hits you.
* * * LOW HITPOINT WARNING * * *
You slash Menkaure! You headbutt Menkaure!
You destroy Menkaure!
Dowan closely misses you.
You riposte.
You closely miss Dowan. Dowan casts a spell at you. You block the stone arrow.
Dowan hits you but does no damage.
You slash Dowan! Lightning courses through Dowan! Your headbutt misses Dowan.
Dowan is almost dead.
You block Dowan's attack. Dowan casts a spell at you.
The shard of ice hits you!
You feel a painful chill!
You die...

##................#
#.................# #
..................#
#.#..................
#. #..............#.
#.. #...%..#.....###
#..######..........#
#...e##........###..#
#...@.)........# #..
........##........#
##
..##....#####.#.#...
#..... ..#.##.#.
#.>..# ..#.# ..
#..#.. .$ #..### .
#..


You could see Dowan.

Vanquished Creatures
  Menkaure (D:6)
  A water moccasin (D:5)
  Duvessa (D:6)
  An ice beast (D:5)
  A scorpion (D:5)
  A bullfrog zombie (D:5)
  A hound (D:5)
  A centaur skeleton (D:5)
  3 orc priests
  3 orc wizards
  Jessica (D:2)
  2 iguanas
  3 worker ants
  7 river rats (D:5)
  7 adders
  4 oozes
  2 adder skeletons
  An adder zombie (D:5)
  3 dart slugs (D:2)
  2 leopard geckos
  18 orcs
  A ball python (D:3)
  6 bats
  6 giant cockroaches
  8 goblins
  13 hobgoblins
  13 jackals
  9 quokkas
  5 frilled lizards
  A jackal skeleton (D:4)
  8 kobolds
  A leopard gecko skeleton (D:4)
  23 rats
158 creatures vanquished.

Notes
Turn   | Place    | Note
-------+----------+-------------------------------------------
     0 | D:1      | PikkenKukken the Minotaur Fighter began the quest for the
                  | Orb.
     0 | D:1      | Reached XP level 1. HP: 19/19 MP: 0/0
     6 | D:1      | Noticed a komodo dragon
     6 | D:1      | Noticed a four-headed hydra
     6 | D:1      | Noticed a salamander
     7 | D:1      | Noticed a black bear
    63 | D:1      | Reached XP level 2. HP: 24/27 MP: 1/1
   426 | D:1      | Reached XP level 3. HP: 30/33 MP: 2/2
   428 | D:1      | Reached skill level 3 in Long Blades
   782 | D:2      | Found a bloodstained altar of Trog.
   989 | D:2      | Found a shattered altar of Ashenzari.
  1030 | D:2      | Reached skill level 1 in Dodging
  1155 | D:2      | Found an ornate altar of the Wu Jian Council.
  1192 | D:2      | Found an iron altar of Okawaru.
  1200 | D:2      | Reached XP level 4. HP: 40/40 MP: 3/3
  1201 | D:2      | Found a blossoming altar of Fedhas.
  1206 | D:2      | Found a shadowy altar of Dithmenos.
  1236 | D:2      | Found a faded altar of an unknown god.
  1451 | D:2      | Noticed Jessica
  1454 | D:2      | Killed Jessica
  1454 | D:2      | Reached skill level 4 in Long Blades
  1758 | D:3      | Found a transporter.
  1758 | D:3      | Noticed brittlin's ghost (amateur HOFi)
  1760 | D:3      | Noticed a phantom
  1782 | D:3      | Reached XP level 5. HP: 46/46 MP: 4/4
  2086 | D:3      | Found a sacrificial altar of Ru.
  2373 | D:3      | Found a transporter.
  2626 | D:3      | Reached skill level 5 in Long Blades
  2626 | D:3      | Reached skill level 5 in Shields
  2808 | D:4      | Reached XP level 6. HP: 36/52 MP: 5/5
  3472 | D:5      | Entered Level 5 of the Dungeon
  3614 | D:5      | Noticed an ice beast
  3624 | D:5      | Killed an ice beast
  3624 | D:5      | Reached skill level 6 in Long Blades
  3688 | D:5      | Reached XP level 7. HP: 51/59 MP: 6/6
  3765 | D:5      | Reached skill level 7 in Long Blades
  4230 | D:5      | Reached skill level 5 in Armour
  4486 | D:6      | Noticed Duvessa
  4486 | D:6      | Noticed Dowan
  4489 | D:6      | Noticed Menkaure
  4497 | D:6      | Killed Duvessa
  4497 | D:6      | Reached XP level 8. HP: 53/67 MP: 7/7
  4501 | D:6      | Reached skill level 8 in Long Blades
  4504 | D:6      | Killed Menkaure
  4506 | D:6      | Killed from afar by Dowan

Vault maps used:
D:1:      onia_arrival_zoo_common, dk_noncrumbling_4
D:2:      lightli_temple_of_fire, minmay_overflow_temple_star_quad,
          overflow_temple_1_default, chequers_ecumenical_altar_island,
          evilmike_ruin_ashenzari, uniq_jessica
D:3:      nicolae_ru_sacrificial_ziggurat, serial_glass, glass_columns_c,
          glass_columns_a, gammafunk_ghost_mausoleum, first_ration
D:5:      lemuel_ratsnest, gup_sewer_entry_bowl, minmay_misc_feat_roman
D:6:      temple_fountains, uniq_eustachio, uniq_duvessa, uniq_sigmund,
          uniq_menkaure

Skill      XL: |  1  2  3  4  5  6  7  8 |
---------------+-------------------------+-----
Shields        | 4 5 6 |  6.3
Long Blades    | 3 4 5 6 7 8 |  8.3
Dodging        | 1 2 3 |  3.9
Fighting       | 4 |  4.6
Armour         | 4 5 |  5.4
Stealth        | |  0.2

Action                   |  1- 3 |  4- 6 |  7- 9 || total
-------------------------+-------+-------+-------++-------
Melee: Long sword        |   102 |   195 |   109 ||   406
       Headbutt          |    18 |    28 |    21 ||    67
       Falchion          |       |       |    12 ||    12
  Use: Scroll            |     3 |     9 |     1 ||    13
       Potion            |       |       |     1 ||     1
  Eat: Chunk             |     1 |     8 |     3 ||    12
Armor: Scale mail        |    46 |       |       ||    46
       Plate armour      |       |    97 |    65 ||   162
Dodge: Dodged            |    29 |    26 |    24 ||    79
Block: Shield            |    58 |   114 |    74 ||   246
       Rpst.: Long sword |     6 |    12 |     6 ||    24
       Falchion          |       |       |     1 ||     1

Table legend:
 A = Non-vault XP
 B = Vault XP
 C = Vault XP percentage of total XP
 D = Non-vault monster count
 E = Vault monster count
 F = Vault count percentage of total count
                 A         B        C        D         E       F
            +---------+---------+-------+---------+---------+-------
      Total |    1190 |     512 |  30.1 |     123 |      35 |  22.2
            +---------+---------+-------+---------+---------+-------
        D:1 |      47 |       0 |   0.0 |      25 |       0 |   0.0
        D:2 |     107 |      37 |  25.7 |      31 |       1 |   3.1
        D:3 |     101 |       0 |   0.0 |      24 |       0 |   0.0
        D:4 |     152 |       0 |   0.0 |      15 |       0 |   0.0
        D:5 |     713 |     161 |  18.4 |      26 |      32 |  55.2
        D:6 |      70 |     314 |  81.8 |       2 |       2 |  50.0
            +---------+---------+-------+---------+---------+-------
